 Dungeon Crawl Stone Soup version 0.29.1-1-gd02db6906a (webtiles) character file.

Game seed: 16857776952483743139

16153 whatisthis the Grappler (level 12, -2/122 HPs)
             Began as a Troll Fighter on Oct 15, 2022.
             Was a High Priest of Okawaru.
             Slain by a six-headed hydra (11 damage)
             ... on level 2 of the Lair of Beasts.
             The game lasted 01:16:29 (11162 turns).

whatisthis the Grappler (Troll Fighter)            Turns: 11162, Time: 01:16:29

Health: -2/122     AC:  9    Str: 31    XL:     12   Next: 7%
Magic:  9/15       EV: 13    Int:  4    God:    Okawaru [*****.]
Gold:   905        SH: 16    Dex:  9    Spells: 11/11 levels left

rFire   . . .      SeeInvis .     - Unarmed
rCold   . . .      Faith    .   b - +0 kite shield
rNeg    . . .      Spirit   .   a - +0 robe
rPois   .          Reflect  +   (helmet restricted)
rElec   .          Harm     .   l - +0 cloak
rCorr   .          Rampage  .   (gloves unavailable)
Will    +....                   (boots unavailable)
Stlth   +++.......              i - amulet of reflection
HPRegen 1.10/turn               t - ring of willpower
MPRegen 0.14/turn               d - +4 ring of protection

@: heroic, finesse-ful, very slow
A: large, unfitting armour, claws 3, regeneration 1, shaggy fur 1, tough skin 1
a: Renounce Religion, Heroism, Finesse, Duel


You were on level 2 of the Lair of Beasts.
You worshipped Okawaru.
Okawaru was extremely pleased with you.
You visited 3 branches of the dungeon, and saw 14 of its levels.

You collected 905 gold pieces.

Inventory:

Missiles
 g - 43 stones
 N - 5 javelins (quivered)
 P - 2 large rocks
Armour
 a - a +0 robe (worn)
 b - a +0 kite shield (worn)
 l - a +0 cloak (worn)
Jewellery
 d - a +4 ring of protection (right claw)
 i - an amulet of reflection (around neck)
 t - a ring of willpower (left claw)
 E - an amulet of regeneration
Wands
 c - a wand of roots (15)
 A - a wand of flame (7)
 F - a wand of acid (10)
 K - a wand of polymorph (6)
Scrolls
 e - 6 scrolls of magic mapping
 f - 3 scrolls of immolation
 h - 2 scrolls of poison
 m - 2 scrolls of torment {unknown}
 o - 2 scrolls of brand weapon {unknown}
 w - 3 scrolls of noise {unknown}
 x - 3 scrolls of teleportation {unknown}
 y - a scroll of vulnerability {unknown}
 B - 4 scrolls of fog
 C - a scroll of amnesia {unknown}
 D - 3 scrolls of enchant weapon
 H - a scroll of blinking {unknown}
Potions
 j - 2 potions of cancellation
 k - 5 potions of brilliance
 n - 8 potions of curing
 p - 4 potions of resistance
 q - 2 potions of berserk rage {unknown}
 r - a potion of heal wounds
 s - 2 potions of mutation {unknown}
 u - 2 potions of lignification {unknown}
 v - 2 potions of ambrosia {unknown}
 z - 2 potions of flight {unknown}
 G - a potion of attraction {unknown}
 I - 3 potions of might
 J - a potion of magic {unknown}
 L - 4 potions of haste
 O - a potion of invisibility {unknown}
Miscellaneous
 M - a phial of floods (inert)


   Skills:
 + Level 8.4(13.4) Fighting
 + Level 8.4(13.4) Dodging
 + Level 9.2(14.2) Shields
 + Level 9.8(14.8) Unarmed Combat
 - Level 5.4 Invocations


You had 11 spell levels left.
You didn't know any spells.
Your spell library contained the following spells:

 Spells                   Type           Power      Damage    Failure   Level
 Sublimation of Blood     Necr           0%         N/A       80%         2
 Petrify                  Tmut/Erth      0%         N/A       100%        4
 Fireball                 Conj/Fire      0%         3d3       100%        5
 Freezing Cloud           Conj/Ice/Air   0%         6-21      100%        5
 Irradiate                Conj/Tmut      0%         3d11      100%        5
 Iskenderun's Battlesphe  Conj           0%         2d6       100%        5
 Conjure Ball Lightning   Conj/Air       0%         3x3d6     100%        6
 Starburst                Conj/Fire      0%         6d3       100%        6
 Orb of Destruction       Conj           0%         9d5       100%        7
 Discord                  Hex            0%         N/A       100%        8
 Disjunction              Tloc           0%         N/A       100%        8
 Ignition                 Fire           0%         3d3       100%        8
 Polar Vortex             Ice            0%         N/A       100%        9
 Simulacrum               Ice/Necr       Unusable   N/A       N/A         6

Dungeon Overview and Level Annotations

Branches:
Dungeon (11/15)            Temple (1/1) D:5            Lair (2/5) D:10
  Swamp (0/4) Lair:2          Orc (0/2) D:9
  Snake: Lair:2-3    Spider: Lair:2-3

Altars:
Nemelex Xobeh
Okawaru
Qazlal
Vehumet
The Shining One

Shops:
D:7 ([[

Annotations:
D:8 Amaemon
D:10 exclusion: downstairs


Innate Abilities, Weirdness & Mutations

You are too large for most types of armour.
You have claws for hands.
Your natural rate of healing is unusually fast.
You are covered in fur. (AC +1)
You have tough skin. (AC +1)


Message History

The torrent of water hits the six-headed hydra!
The six-headed hydra is lightly wounded.
The wave splashes down.
Splash!
You fall into the shallow water.
Moving in this stuff is going to be slow.
The wolf is engulfed in water.
The wolf misses you.
The wolf splashes around in the water.
You block the wolf's attack. The six-headed hydra bites you!
* * * LOW HITPOINT WARNING * * *
You block the six-headed hydra's attack.
The six-headed hydra bites you but does no damage.
The six-headed hydra closely misses you.
The six-headed hydra barely misses you. x2
The electric eel shoots out a bolt of lightning at you!
The bolt of electricity hits the wolf!
The bolt of electricity hits you!
* * * LOW HITPOINT WARNING * * *
The bolt of electricity misses you.
Unknown command.
Okay, then.
You feel much better. The wolf bites you.
* * * LOW HITPOINT WARNING * * *
You block the wolf's attack. x2
You block the six-headed hydra's attack.
The six-headed hydra barely misses you. The six-headed hydra bites you.
* * * LOW HITPOINT WARNING * * *
You block the six-headed hydra's attack.
The six-headed hydra closely misses you.
The six-headed hydra bites you.
* * * LOW HITPOINT WARNING * * *
Aiming: Duel (56% risk of failure)
Press: ? - help, Dir - move target, f/p - six-headed hydra
Aim: a six-headed hydra (lightly wounded)
You fail to use your ability.
You block the wolf's attack. x2
The wolf bites you.
* * * LOW HITPOINT WARNING * * *
You block the wolf's attack. The six-headed hydra bites you.
* * * LOW HITPOINT WARNING * * *
The six-headed hydra bites you!
You die...

.........#
.........#
.........##
♣≈♣...<..##
≈S≈≈.....#.#
§§≈≈♣♣..#.##
§≈≈≈S♣..h.# §§
♣..hh## ♣≈.###@#
......♣≈~≈≈♣≈ #D##
........~# # ##~#
.........# ##.~#
........## #..##
........P# ###.##
........####....##
.......#..P#.....#
.......D........##


You could see a six-headed hydra, 3 wolves and an electric eel.

Vanquished Creatures
  Snorg (D:11)
  The ghost of experimilk the Grappler, a journeyman TrGl of Uskayaw (D:10)
  A hydra (D:10)
  A two-headed ogre (D:10)
  Urug (D:10)
  Nergalle (Lair:1)
  Pikel (D:4)
  2 black mambas (Lair:1)
  A polar bear (Lair:1)
  A troll (D:9)
  4 blink frogs (Lair:2)
  2 hornets (D:8)
  2 dream sheep (D:10)
  23 yaks
  2 wyverns (Lair:1)
  3 wraiths
  2 wargs (D:10)
  2 vampire mosquitoes
  8 water moccasins
  2 ice beasts
  6 orc warriors
  A swamp drake (D:9)
  2 wolves (Lair:2)
  5 centaurs
  2 phantoms
  A lemure (D:5)
  5 kobold brigands
  7 bullfrogs
  6 scorpions
  A necrophage (D:7)
  3 wights (D:7)
  3 killer bees
  A jelly (D:6)
  5 orc priests
  9 hounds
  4 iguanas
  10 orc wizards
  6 hell rats (Lair:1)
  8 gnolls
  7 adders
  2 ufetubi (D:5)
  2 worms (D:2)
  2 dart slugs
  48 orcs
  9 endoplasms
  7 giant cockroaches
  2 goblins
  8 hobgoblins
  4 jackals (D:3)
  A quokka (D:2)
  13 ball pythons
  7 bats
  7 frilled lizards
  14 kobolds
  6 rats
285 creatures vanquished.

Vanquished Creatures (others)
  2 orcs (D:9)
  A bush (Lair:2)
  A fungus (Lair:2)
  9 plants
13 creatures vanquished.

Grand Total: 298 creatures vanquished

Notes
Turn   | Place    | Note
-------+----------+-------------------------------------------
     0 | D:1      | whatisthis the Troll Fighter began the quest for the Orb.
     0 | D:1      | Reached XP level 1. HP: 22/22 MP: 0/0
     2 | D:1      | Noticed an ogre
     2 | D:1      | Noticed an octopode
     4 | D:1      | Noticed a gargoyle
     6 | D:1      | Noticed a vampire
     6 | D:1      | Noticed a spriggan
     8 | D:1      | Noticed a naga
     8 | D:1      | Noticed a troll
    10 | D:1      | Noticed a minotaur
    10 | D:1      | Noticed a draconian
    12 | D:1      | Noticed an elf
    12 | D:1      | Noticed a human
    14 | D:1      | Noticed a formicid
    14 | D:1      | Noticed a ghoul
    16 | D:1      | Noticed a felid
    16 | D:1      | Noticed a demigod
    18 | D:1      | Noticed a tengu
    18 | D:1      | Noticed a merfolk
    20 | D:1      | Noticed a demonspawn
    22 | D:1      | Noticed a meteoran
    22 | D:1      | Noticed a vine stalker
    26 | D:1      | Noticed a vine stalker
    26 | D:1      | Noticed a gargoyle
   117 | D:1      | Reached XP level 2. HP: 29/29 MP: 1/1
   422 | D:1      | Found a faded altar of an unknown god.
   643 | D:2      | Reached XP level 3. HP: 31/36 MP: 2/2
  1512 | D:3      | Reached XP level 4. HP: 44/44 MP: 3/3
  2231 | D:3      | Reached XP level 5. HP: 6/53 MP: 4/4
  2638 | D:4      | Found a sparkling altar of Nemelex Xobeh.
  2758 | D:4      | Noticed an ogre
  3276 | D:4      | Identified the +6 scale mail "Uczon" {rCorr Int+6}
  3286 | D:5      | Entered Level 5 of the Dungeon
  3296 | D:5      | Reached XP level 6. HP: 49/61 MP: 5/5
  3571 | D:5      | Noticed Pikel
  3580 | D:4      | Killed Pikel
  3581 | D:4      | Reached XP level 7. HP: 40/70 MP: 6/6
  3736 | D:5      | Reached skill level 5 in Shields
  3736 | D:5      | Reached XP level 8. HP: 45/79 MP: 7/7
  3790 | D:5      | Reached skill level 5 in Unarmed Combat
  4052 | D:5      | Reached skill level 5 in Fighting
  4052 | D:5      | Reached skill level 5 in Dodging
  4162 | D:5      | Found a staircase to the Ecumenical Temple.
  4590 | D:6      | Found a stormy altar of Qazlal.
  4628 | D:6      | Found a radiant altar of Vehumet.
  4985 | Temple   | Entered the Ecumenical Temple
  4997 | Temple   | Became a worshipper of Warmaster Okawaru
  5266 | D:7      | Found Xingu's Armour Boutique.
  5355 | D:7      | Reached XP level 9. HP: 88/88 MP: 8/8
  5487 | D:7      | Found Ikhunom's Weapon Shop.
  5668 | D:7      | Identified the +3 chain mail of Indomitability {Fly rElec
                  | rPois Slay-6}
  5778 | D:7      | Reached * piety under Okawaru
  5823 | D:7      | Found Qycemoh's Antique Armour Shop.
  6034 | D:8      | Noticed Amaemon
  6513 | D:8      | Found a glowing golden altar of the Shining One.
  6546 | D:8      | Reached skill level 1 in Invocations
  6809 | D:8      | Paralysed by a hornet for 3 turns
  7297 | D:9      | Noticed a troll
  7312 | D:9      | Killed a troll
  7312 | D:9      | Reached ** piety under Okawaru
  7499 | D:9      | Reached XP level 10. HP: 100/100 MP: 10/10
  7667 | D:9      | Noticed a two-headed ogre
  7667 | D:9      | Noticed a two-headed ogre
  7796 | D:9      | Found a staircase to the Orcish Mines.
  8150 | D:10     | Entered Level 10 of the Dungeon
  8211 | D:10     | Noticed Urug
  8337 | D:10     | Reached *** piety under Okawaru
  8447 | D:10     | Found a staircase to the Lair.
  8701 | D:10     | Noticed a three-headed hydra
  8713 | D:10     | Killed a three-headed hydra
  8713 | D:10     | Reached **** piety under Okawaru
  8815 | D:10     | Reached XP level 11. HP: 90/109 MP: 13/13
  8903 | D:10     | Noticed a two-headed ogre
  8910 | D:10     | Killed a two-headed ogre
  8913 | D:10     | Found a large runed translucent door.
  8913 | D:10     | Found a large runed translucent door.
  8918 | D:10     | Noticed experimilk's ghost (journeyman TrGl)
  8934 | D:10     | Killed experimilk's ghost
  9303 | D:10     | Killed Urug
  9304 | D:10     | Reached skill level 5 in Invocations
  9508 | D:11     | Noticed Snorg
  9530 | D:11     | Killed Snorg
  9787 | D:11     | Found a stormy altar of Qazlal.
  9799 | D:11     | Noticed a seven-headed hydra
  9881 | Lair:1   | Entered Level 1 of the Lair of Beasts
  9946 | Lair:1   | Reached ***** piety under Okawaru
 10077 | Lair:1   | Noticed Nergalle
 10106 | Lair:1   | Killed Nergalle
 10842 | Lair:2   | Noticed a six-headed hydra
 10843 | Lair:2   | Noticed a catoblepas
 10860 | Lair:2   | Found a staircase to the Swamp.
 10933 | Lair:2   | Reached XP level 12. HP: 81/122 MP: 15/15
 11160 | Lair:2   | HP: 1/122 [electric eel/bolt of electricity (7)]
 11162 | Lair:2   | Slain by a six-headed hydra

Illustrated notes

Levels and vault maps discovered:
D:1:      kb_arrival_jail, layout_basic, shapermc_ecumenical_altar_gd
D:2:      layout_basic, chequers_serial_rivers_room_b, chequers_garden,
          hex_intersection, grunt_decor_mini_mirrors, minmay_liquid_box,
          chequers_serial_rivers_micro_c
D:3:      kb_forest_paths, layout_basic
D:4:      cheibrodos_helix_gallery, layout_basic,
          mainiacjoe_overflow_six_doors_small, minmay_circle_x
D:5:      layout_gridville, minmay_temple_entry_from_below_a, minmay_between,
          uniq_pikel
D:6:      layout_gridville, mainiacjoe_overflow_brackets,
          mainiacjoe_overflow_boulevard
D:7:      layout_loops_cross, serial_shops, shop, shop_fountains, shop_coins
D:8:      layout_loops_ring, lemuel_coloured_pillars_altar,
          minmay_misc_feat_five, minmay_misc_feat_x, uniq_amaemon
D:9:      layout_cave_pools, erik_orc_1
D:10:     layout_loops_ring, erik_lair_orcish_takeover,
          ebering_ghost_disaster_area, minmay_misc_feat_ornament,
          hangedman_decor_push, hangedman_ranch, uniq_urug
D:11:     layout_rooms, nicolae_qazlal_eye_of_the_storm, uniq_snorg
Temple:   mainiacjoe_temple_bowtie_tessellation
Lair:1:   layout_cave_shapes, grunt_megastairs_5, uniq_nergalle
Lair:2:   layout_cave_pods, swamp_mist_pool

Skill      XL: |  1  2  3  4  5  6  7  8  9 10 11 |
---------------+----------------------------------+-----
Shields        | 3 4 5 6 7 8 9 |  9.2
Fighting       | 3 4 5 6 7 8 |  8.4
Dodging        | 3 4 5 6 7 8 |  8.4
Unarmed Combat | 3 4 6 7 8 9 |  9.8
Invocations    | 2 4 5 |  5.4

Action                   |  1- 3 |  4- 6 |  7- 9 | 10-12 || total
-------------------------+-------+-------+-------+-------++-------
Melee: Unarmed           |   116 |   170 |   298 |   446 ||  1030
Throw: Javelin           |       |       |       |     2 ||     2
Invok: Heroism           |       |       |     4 |     7 ||    11
       Finesse           |       |       |       |     5 ||     5
Evoke: Wand              |       |       |       |     9 ||     9
       Phial of floods   |       |       |       |     1 ||     1
  Use: Potion            |       |     2 |       |     4 ||     6
       Scroll            |       |       |     9 |     1 ||    10
 Stab: Sleeping          |       |       |     1 |       ||     1
Armor: Robe              |    32 |    37 |    55 |    76 ||   200
Dodge: Dodged            |    27 |    36 |    85 |   134 ||   282
Block: Kite shield       |    55 |   104 |   208 |   296 ||   663
       Reflection        |       |     9 |     6 |    10 ||    25
